Connexion

PHILADELPHIA Flyers vs ARIZONA Coyotes

Created - 5 janvier 2024 at 08:33

Goals
1 2 3 OT1 T
PHILADELPHIA Flyers 0 1 1 0 2
ARIZONA Coyotes 1 0 1 1 3
Shots
1 2 3 OT1 T
PHILADELPHIA Flyers 2 11 10 1 24
ARIZONA Coyotes 8 10 8 3 29

GoalsPenalties
1st period
1. ARIZONA Coyotes , Matt Boldy 14 (Vince Dunn 33, Brayden Point 32) at 14:26
Pavel Buchnevich (PHI) for Cross-checking (Minor) at 9:55
Austin Czarnik (PHI) for Holding (Minor) at 18:22
2nd period
2. PHILADELPHIA Flyers , Sean Monahan 25 (Adam Fox 38, Tj Brodie 35) at 10:13
Andrei Vasilevsky (ARI) for Delaying the game (Minor) at 14:22 - Brock Nelson served the penalty.
Matt Roy (PHI) for Diving (Minor) at 17:17
3rd period
3. ARIZONA Coyotes , Dougie Hamilton 6 (Nazem Kadri 34, Matthew Tkachuk 31) at 0:21
4. PHILADELPHIA Flyers , Sean Monahan 26 (Tj Brodie 36, Adam Fox 39) at 9:36
Matthew Tkachuk (ARI) for Slashing (Minor) at 8:52
Matt Roy (PHI) for Tripping (Minor) at 8:52
Kasperi Kapanen (PHI) for Tripping (Minor) at 17:01
Overtime #1
5. ARIZONA Coyotes , Klim Kostin 8 (Matthew Tkachuk 32, Madison Bowey 20) at 2:10
No Penalty
Goalie Stats
Stuart Skinner (PHI), 26 saves from 29 shots - (0,897), OTL, 23-18-3, 62:11 minutes
Andrei Vasilevsky (ARI), 22 saves from 24 shots - (0,917), W, 22-13-1, 62:11 minutes
3 StarsOfficial
1 - Sean Monahan (PHI)
2 - Klim Kostin (ARI)
3 - Matt Boldy (ARI)
Referees : Greg Kimmerly and Dean Morton
Linesman : Mike Cvik and Mark Shewchyk
Game Note
No Game Note
Finance
Level 1 -- Attendance: 5830 (97,17%) -- Ticket Income $792,880
Level 2 -- Attendance: 4125 (100,00%) -- Ticket Income $424,875
Level 3 -- Attendance: 1093 (54,65%) -- Ticket Income $96,184
Level 4 -- Attendance: 4000 (100,00%) -- Ticket Income $152,000
Luxury Box -- Attendance: 1000 (100,00%) -- Ticket Income $255,000
Game was played at the Jobing.com Arena.
Total Attendance: 16048 (93,71%)
Total Ticket Income: $1,720,939
Other Income: $344,188
Total Income: $2,065,127



Team Name Goals Shots Shots Attemp Shots Blocked PIM HIT PP PK FO%
PHILADELPHIA Flyers 224541210180 / 1 (0%)049%
ARIZONA Coyotes 32956134170 / 4 (0%)051%

PHILADELPHIA Flyers
Player Name POS G A P +/- PIM HIT SHT SB MP PP MP PP SHT PK MP PK SHT FO% FOT
Adam FoxD0221001223:421:1804:0100% 0
Alex PietrangeloD000-1000323:090:4103:5500% 0
Austin CzarnikC/RW0000214021:041:1804:000100% 1
Brandon MontourD0000010014:390:0000:0000% 0
Carl GrundstromRW000001002:110:0000:0000% 0
Jonathan DrouinLW/RW000-1002017:331:1801:57020% 5
Jordan StaalC0000001017:250:4100:00047% 15
Julien GauthierRW000000000:000:0000:0000% 0
Kasperi KapanenLW/RW0000203017:450:0001:080100% 1
Kris LetangD000-1021321:390:4113:5500% 0
Matt RoyD0000442114:370:0000:0000% 0
Pavel BuchnevichLW/RW0000240019:050:4101:26050% 4
Sam ReinhartC/RW0000001018:400:0002:02031% 16
Sean MonahanC202-1015025:161:1805:19062% 29
Seth JarvisC/LW/RW0000001015:080:0000:0000% 1
Tj BrodieD0220021324:231:1804:0100% 0
Tomas TatarLW/RW000-1022018:060:4100:0000% 0
Zach PariseC/LW000000002:110:0000:00050% 4
ARIZONA Coyotes
Player Name POS G A P +/- PIM HIT SHT SB MP PP MP PP SHT PK MP PK SHT FO% FOT
Braden SchneiderD0000000014:070:0000:0000% 0
Brayden PointC/RW0111011118:373:5500:00029% 21
Brock NelsonC000-1002012:550:0000:00047% 17
Carl HagelinLW/RW000000005:280:0000:2700% 0
Dillon DubeC/LW/RW0000013012:270:4500:0000% 0
Dougie HamiltonD1010011223:593:3201:3200% 0
Justin AbdelkaderC/LW000000005:010:0000:0000% 0
Klim KostinC101101205:300:0000:000100% 4
Madison BoweyD0110031123:544:0600:3600% 0
Matt BoldyLW/RW1011003018:434:0100:0000% 1
Matthew TkachukLW/RW0221214122:143:1011:3200% 0
Nazem KadriC/LW/RW0110001124:194:0101:32067% 30
Sean DurziD0001031120:283:3900:2700% 0
Sonny MilanoLW/RW0000000011:420:0000:000100% 1
Timo MeierLW/RW000-1012024:443:5500:2700% 0
Tucker PoolmanD0000021317:260:5600:5600% 0
Victor OlofssonLW/RW0001025018:434:0110:0000% 2
Vince DunnD0110012322:173:3900:2700% 0



Play-by-Play

1st period


0:01 of 1st period - Nazem Kadri wins face-off versus Jonathan Drouin in neutral zone.
0:04 of 1st period - Shot by Matthew Tkachuk.
0:04 of 1st period - Shot Blocked by Tj Brodie.
0:06 of 1st period - Shot by Nazem Kadri.
0:06 of 1st period - Shot Blocked by Adam Fox.
0:43 of 1st period - Icing by Dougie Hamilton.
0:44 of 1st period - Nazem Kadri wins face-off versus Jordan Staal in ARIZONA Coyotes zone.
1:29 of 1st period - Icing by Alex Pietrangelo.
1:30 of 1st period - Brock Nelson wins face-off versus Jordan Staal in PHILADELPHIA Flyers zone.
2:14 of 1st period - Shot by Seth Jarvis.
2:14 of 1st period - Shot Misses the Net.
2:19 of 1st period - Off-side.
2:20 of 1st period - Zach Parise wins face-off versus Brayden Point in neutral zone.
2:23 of 1st period - Vince Dunn is hit by Carl Grundstrom and loses puck.
2:38 of 1st period - Shot by Matt Boldy.
2:38 of 1st period - Stopped by Stuart Skinner without a rebound.
2:39 of 1st period - Klim Kostin wins face-off versus Sean Monahan in PHILADELPHIA Flyers zone.
2:39 of 1st period - Klim Kostin is hit by Matt Roy.
3:06 of 1st period - Icing by Jonathan Drouin.
3:07 of 1st period - Sean Monahan wins face-off versus Brayden Point in PHILADELPHIA Flyers zone.
4:01 of 1st period - Icing by Sam Reinhart.
4:02 of 1st period - Nazem Kadri wins face-off versus Sam Reinhart in PHILADELPHIA Flyers zone.
4:32 of 1st period - Shot by Nazem Kadri.
4:32 of 1st period - Shot Misses the Net.
4:34 of 1st period - Shot by Timo Meier.
4:34 of 1st period - Shot Blocked by Tj Brodie.
4:36 of 1st period - Shot by Madison Bowey.
4:36 of 1st period - Stopped by Stuart Skinner with a rebound.
4:38 of 1st period - Shot by Timo Meier.
4:38 of 1st period - Shot Misses the Net.
4:40 of 1st period - Shot by Nazem Kadri.
4:40 of 1st period - Shot Blocked by Adam Fox.
5:54 of 1st period - Icing by Vince Dunn.
5:55 of 1st period - Sean Monahan wins face-off versus Brayden Point in ARIZONA Coyotes zone.
6:08 of 1st period - Shot by Victor Olofsson.
6:08 of 1st period - Shot Blocked by Matt Roy.
6:37 of 1st period - Shot by Sean Monahan.
6:37 of 1st period - Shot Misses the Net.
6:46 of 1st period - Victor Olofsson is hit by Brandon Montour and loses puck.
7:11 of 1st period - Shot by Nazem Kadri.
7:11 of 1st period - Deflect By Matthew Tkachuk.
7:11 of 1st period - Stopped by Stuart Skinner without a rebound.
7:12 of 1st period - Klim Kostin wins face-off versus Jordan Staal in PHILADELPHIA Flyers zone.
7:37 of 1st period - Alex Pietrangelo is hit by Klim Kostin and loses puck.
8:57 of 1st period - Seth Jarvis is hit by Madison Bowey and loses puck.
9:09 of 1st period - Off-side.
9:10 of 1st period - Sean Monahan wins face-off versus Brayden Point in neutral zone.
9:22 of 1st period - Sean Monahan is hit by Sean Durzi and loses puck.
9:25 of 1st period - Shot by Sean Monahan.
9:25 of 1st period - Stopped by Andrei Vasilevsky without a rebound.
9:26 of 1st period - Brock Nelson wins face-off versus Zach Parise in ARIZONA Coyotes zone.
9:39 of 1st period - Shot by Dillon Dube.
9:39 of 1st period - Stopped by Stuart Skinner without a rebound.
9:40 of 1st period - Pavel Buchnevich wins face-off versus Victor Olofsson in PHILADELPHIA Flyers zone.
9:55 of 1st period - Minor Penalty to Pavel Buchnevich for Cross-checking.
9:56 of 1st period - Sean Monahan wins face-off versus Brayden Point in PHILADELPHIA Flyers zone.
10:17 of 1st period - Shot by Sean Durzi.
10:17 of 1st period - Shot Blocked by Tj Brodie.
11:02 of 1st period - Shot by Nazem Kadri.
11:02 of 1st period - Shot Misses the Net.
11:10 of 1st period - Shot by Victor Olofsson.
11:10 of 1st period - Stopped by Stuart Skinner without a rebound.
11:11 of 1st period - Nazem Kadri wins face-off versus Sean Monahan in PHILADELPHIA Flyers zone.
11:26 of 1st period - Shot by Victor Olofsson.
11:26 of 1st period - Shot Blocked by Alex Pietrangelo.
11:28 of 1st period - Shot by Matt Boldy.
11:28 of 1st period - Shot Blocked by Kris Letang.
11:57 of 1st period - Icing by Tucker Poolman.
11:58 of 1st period - Jordan Staal wins face-off versus Brock Nelson in ARIZONA Coyotes zone.
12:19 of 1st period - Shot by Jordan Staal.
12:19 of 1st period - Shot Blocked by Tucker Poolman.
13:48 of 1st period - Off-side.
13:49 of 1st period - Sean Monahan wins face-off versus Brayden Point in neutral zone.
13:54 of 1st period - Shot by Jonathan Drouin.
13:54 of 1st period - Shot Misses the Net.
14:04 of 1st period - Shot by Vince Dunn.
14:04 of 1st period - Stopped by Stuart Skinner with a rebound.
14:26 of 1st period - Shot by Matt Boldy.
14:26 of 1st period - Goal by Matt Boldy - PHILADELPHIA Flyers : 0 - ARIZONA Coyotes : 1.
14:27 of 1st period - Nazem Kadri wins face-off versus Jordan Staal in neutral zone.
14:38 of 1st period - Shot by Nazem Kadri.
14:38 of 1st period - Shot Misses the Net.
15:00 of 1st period - Shot by Nazem Kadri.
15:00 of 1st period - Stopped by Stuart Skinner without a rebound.
15:01 of 1st period - Klim Kostin wins face-off versus Zach Parise in PHILADELPHIA Flyers zone.
15:55 of 1st period - Off-side.
15:56 of 1st period - Jordan Staal wins face-off versus Nazem Kadri in neutral zone.
16:21 of 1st period - Shot by Timo Meier.
16:21 of 1st period - Shot Misses the Net.
16:35 of 1st period - Shot by Tomas Tatar.
16:35 of 1st period - Stopped by Andrei Vasilevsky without a rebound.
16:36 of 1st period - Brayden Point wins face-off versus Seth Jarvis in ARIZONA Coyotes zone.
16:45 of 1st period - Shot by Brandon Montour.
16:45 of 1st period - Deflect By Kasperi Kapanen.
16:45 of 1st period - Shot Misses the Net.
18:22 of 1st period - Minor Penalty to Austin Czarnik for Holding.
18:23 of 1st period - Sean Monahan wins face-off versus Brayden Point in PHILADELPHIA Flyers zone.
18:23 of 1st period - Adam Fox is hit by Matthew Tkachuk.
18:30 of 1st period - Icing by Timo Meier.
18:31 of 1st period - Brayden Point wins face-off versus Sean Monahan in ARIZONA Coyotes zone.
18:59 of 1st period - Off-side.
19:00 of 1st period - Nazem Kadri wins face-off versus Sam Reinhart in neutral zone.
19:27 of 1st period - Icing by Vince Dunn.
19:28 of 1st period - Nazem Kadri wins face-off versus Sean Monahan in ARIZONA Coyotes zone.
19:28 of 1st period - Nazem Kadri is hit by Sean Monahan.
19:53 of 1st period - Icing by Victor Olofsson.
19:54 of 1st period - Jonathan Drouin wins face-off versus Nazem Kadri in ARIZONA Coyotes zone.
Goals for this period are 0 for PHILADELPHIA Flyers vs 1 for ARIZONA Coyotes .
Shots for this period are 2 for PHILADELPHIA Flyers vs 8 for ARIZONA Coyotes .

2nd period


0:01 of 2nd period - Brayden Point wins face-off versus Sean Monahan in neutral zone.
0:34 of 2nd period - Shot by Sonny Milano.
0:34 of 2nd period - Shot Misses the Net.
0:36 of 2nd period - Shot by Sean Durzi.
0:36 of 2nd period - Shot Misses the Net.
0:38 of 2nd period - Shot by Vince Dunn.
0:38 of 2nd period - Stopped by Stuart Skinner without a rebound.
0:39 of 2nd period - Klim Kostin wins face-off versus Sean Monahan in PHILADELPHIA Flyers zone.
1:14 of 2nd period - Shot by Carl Hagelin.
1:14 of 2nd period - Shot Misses the Net.
1:54 of 2nd period - Icing by Kris Letang.
1:55 of 2nd period - Nazem Kadri wins face-off versus Jordan Staal in PHILADELPHIA Flyers zone.
2:30 of 2nd period - Shot by Matthew Tkachuk.
2:30 of 2nd period - Shot Misses the Net.
2:33 of 2nd period - Icing by Brandon Montour.
2:34 of 2nd period - Sam Reinhart wins face-off versus Brayden Point in PHILADELPHIA Flyers zone.
2:34 of 2nd period - Sam Reinhart is hit by Victor Olofsson.
2:54 of 2nd period - Shot by Seth Jarvis.
2:54 of 2nd period - Stopped by Andrei Vasilevsky with a rebound.
2:56 of 2nd period - Shot by Sam Reinhart.
2:56 of 2nd period - Deflect By Seth Jarvis.
2:56 of 2nd period - Shot Blocked by Brayden Point.
2:58 of 2nd period - Shot by Kasperi Kapanen.
2:58 of 2nd period - Shot Misses the Net.
3:00 of 2nd period - Shot by Kasperi Kapanen.
3:00 of 2nd period - Stopped by Andrei Vasilevsky without a rebound.
3:01 of 2nd period - Sean Monahan wins face-off versus Brock Nelson in ARIZONA Coyotes zone.
3:09 of 2nd period - Austin Czarnik is hit by Vince Dunn and loses puck.
3:14 of 2nd period - Shot by Sean Monahan.
3:14 of 2nd period - Deflect By Austin Czarnik.
3:14 of 2nd period - Shot Blocked by Vince Dunn.
3:16 of 2nd period - Shot by Adam Fox.
3:16 of 2nd period - Stopped by Andrei Vasilevsky without a rebound.
3:17 of 2nd period - Nazem Kadri wins face-off versus Jordan Staal in ARIZONA Coyotes zone.
3:34 of 2nd period - Nazem Kadri is hit by Pavel Buchnevich and loses puck.
3:40 of 2nd period - Dougie Hamilton is hit by Kris Letang and loses puck.
3:45 of 2nd period - Shot by Matthew Tkachuk.
3:45 of 2nd period - Stopped by Stuart Skinner without a rebound.
3:46 of 2nd period - Sean Monahan wins face-off versus Brayden Point in PHILADELPHIA Flyers zone.
4:07 of 2nd period - Shot by Sean Monahan.
4:07 of 2nd period - Deflect By Jonathan Drouin.
4:07 of 2nd period - Stopped by Andrei Vasilevsky without a rebound.
4:08 of 2nd period - Nazem Kadri wins face-off versus Jordan Staal in ARIZONA Coyotes zone.
4:15 of 2nd period - Shot by Matthew Tkachuk.
4:15 of 2nd period - Stopped by Stuart Skinner with a rebound.
5:11 of 2nd period - Matt Boldy is hit by Tomas Tatar and loses puck.
5:40 of 2nd period - Shot by Brayden Point.
5:40 of 2nd period - Deflect By Victor Olofsson.
5:40 of 2nd period - Stopped by Stuart Skinner without a rebound.
5:41 of 2nd period - Kasperi Kapanen wins face-off versus Brock Nelson in PHILADELPHIA Flyers zone.
5:50 of 2nd period - Shot by Dillon Dube.
5:50 of 2nd period - Shot Misses the Net.
6:18 of 2nd period - Shot by Kasperi Kapanen.
6:18 of 2nd period - Shot Misses the Net.
7:10 of 2nd period - Shot by Austin Czarnik.
7:10 of 2nd period - Shot Misses the Net.
7:43 of 2nd period - Jordan Staal is hit by Sean Durzi and loses puck.
7:54 of 2nd period - Shot by Tomas Tatar.
7:54 of 2nd period - Stopped by Andrei Vasilevsky without a rebound.
7:55 of 2nd period - Zach Parise wins face-off versus Brock Nelson in ARIZONA Coyotes zone.
9:09 of 2nd period - Victor Olofsson is hit by Kris Letang and loses puck.
9:14 of 2nd period - Shot by Sean Durzi.
9:14 of 2nd period - Deflect By Matt Boldy.
9:14 of 2nd period - Shot Misses the Net.
9:16 of 2nd period - Shot by Sean Durzi.
9:16 of 2nd period - Stopped by Stuart Skinner with a rebound.
9:18 of 2nd period - Shot by Victor Olofsson.
9:18 of 2nd period - Shot Misses the Net.
9:20 of 2nd period - Shot by Matt Boldy.
9:20 of 2nd period - Stopped by Stuart Skinner with a rebound.
9:22 of 2nd period - Shot by Victor Olofsson.
9:22 of 2nd period - Stopped by Stuart Skinner without a rebound.
9:23 of 2nd period - Jordan Staal wins face-off versus Nazem Kadri in PHILADELPHIA Flyers zone.
9:30 of 2nd period - Shot by Matt Roy.
9:30 of 2nd period - Stopped by Andrei Vasilevsky with a rebound.
9:32 of 2nd period - Shot by Pavel Buchnevich.
9:32 of 2nd period - Shot Blocked by Madison Bowey.
9:43 of 2nd period - Icing by Dougie Hamilton.
9:44 of 2nd period - Nazem Kadri wins face-off versus Sean Monahan in ARIZONA Coyotes zone.
9:56 of 2nd period - Shot by Austin Czarnik.
9:56 of 2nd period - Shot Blocked by Matthew Tkachuk.
10:13 of 2nd period - Shot by Sean Monahan.
10:13 of 2nd period - Goal by Sean Monahan - PHILADELPHIA Flyers : 1 - ARIZONA Coyotes : 1.
10:14 of 2nd period - Jordan Staal wins face-off versus Brayden Point in neutral zone.
10:19 of 2nd period - Shot by Pavel Buchnevich.
10:19 of 2nd period - Shot Blocked by Vince Dunn.
10:21 of 2nd period - Shot by Pavel Buchnevich.
10:21 of 2nd period - Shot Blocked by Sean Durzi.
10:44 of 2nd period - Icing by Victor Olofsson.
10:45 of 2nd period - Sam Reinhart wins face-off versus Brayden Point in ARIZONA Coyotes zone.
10:51 of 2nd period - Icing by Vince Dunn.
10:52 of 2nd period - Sean Monahan wins face-off versus Brayden Point in ARIZONA Coyotes zone.
11:20 of 2nd period - Shot by Brayden Point.
11:20 of 2nd period - Stopped by Stuart Skinner with a rebound.
11:56 of 2nd period - Icing by Madison Bowey.
11:57 of 2nd period - Sam Reinhart wins face-off versus Nazem Kadri in ARIZONA Coyotes zone.
12:10 of 2nd period - Shot by Kasperi Kapanen.
12:10 of 2nd period - Deflect By Sam Reinhart.
12:10 of 2nd period - Shot Misses the Net.
12:12 of 2nd period - Shot by Sam Reinhart.
12:12 of 2nd period - Shot Misses the Net.
12:15 of 2nd period - Seth Jarvis is hit by Madison Bowey and loses puck.
12:25 of 2nd period - Shot by Sam Reinhart.
12:25 of 2nd period - Shot Misses the Net.
12:49 of 2nd period - Icing by Nazem Kadri.
12:50 of 2nd period - Sean Monahan wins face-off versus Nazem Kadri in ARIZONA Coyotes zone.
13:01 of 2nd period - Shot by Jonathan Drouin.
13:01 of 2nd period - Stopped by Andrei Vasilevsky without a rebound.
13:02 of 2nd period - Jordan Staal wins face-off versus Brayden Point in ARIZONA Coyotes zone.
13:02 of 2nd period - Jordan Staal is hit by Sean Durzi.
13:12 of 2nd period - Shot by Pavel Buchnevich.
13:12 of 2nd period - Shot Misses the Net.
14:22 of 2nd period - Shot by Sean Monahan.
14:22 of 2nd period - Stopped by Andrei Vasilevsky without a rebound.
14:22 of 2nd period - Minor Penalty to Andrei Vasilevsky for Delaying the game.
14:23 of 2nd period - Nazem Kadri wins face-off versus Jonathan Drouin in ARIZONA Coyotes zone.
15:48 of 2nd period - Shot by Tomas Tatar.
15:48 of 2nd period - Shot Blocked by Tucker Poolman.
15:50 of 2nd period - Shot by Kris Letang.
15:50 of 2nd period - Stopped by Andrei Vasilevsky with a rebound.
15:52 of 2nd period - Shot by Jordan Staal.
15:52 of 2nd period - Shot Blocked by Tucker Poolman.
16:08 of 2nd period - Shot by Tomas Tatar.
16:08 of 2nd period - Shot Blocked by Dougie Hamilton.
16:36 of 2nd period - Shot by Sam Reinhart.
16:36 of 2nd period - Stopped by Andrei Vasilevsky without a rebound.
16:37 of 2nd period - Brock Nelson wins face-off versus Sam Reinhart in ARIZONA Coyotes zone.
17:12 of 2nd period - Shot by Dillon Dube.
17:12 of 2nd period - Stopped by Stuart Skinner with a rebound.
17:17 of 2nd period - Minor Penalty to Matt Roy for Diving.
17:18 of 2nd period - Sean Monahan wins face-off versus Brayden Point in PHILADELPHIA Flyers zone.
17:18 of 2nd period - Sean Monahan is hit by Brayden Point.
18:49 of 2nd period - Brayden Point is hit by Pavel Buchnevich and loses puck.
18:59 of 2nd period - Dougie Hamilton is hit by Pavel Buchnevich.
19:05 of 2nd period - Shot by Matthew Tkachuk.
19:05 of 2nd period - Stopped by Stuart Skinner without a rebound.
19:06 of 2nd period - Nazem Kadri wins face-off versus Jonathan Drouin in PHILADELPHIA Flyers zone.
Goals for this period are 1 for PHILADELPHIA Flyers vs 0 for ARIZONA Coyotes .
Shots for this period are 11 for PHILADELPHIA Flyers vs 10 for ARIZONA Coyotes .

3rd period


0:01 of 3rd period - Austin Czarnik wins face-off versus Nazem Kadri in neutral zone.
0:21 of 3rd period - Shot by Dougie Hamilton.
0:21 of 3rd period - Goal by Dougie Hamilton - PHILADELPHIA Flyers : 1 - ARIZONA Coyotes : 2.
0:22 of 3rd period - Brayden Point wins face-off versus Pavel Buchnevich in neutral zone.
0:33 of 3rd period - Shot by Victor Olofsson.
0:33 of 3rd period - Shot Misses the Net.
1:05 of 3rd period - Shot by Jordan Staal.
1:05 of 3rd period - Stopped by Andrei Vasilevsky without a rebound.
1:06 of 3rd period - Nazem Kadri wins face-off versus Sean Monahan in ARIZONA Coyotes zone.
5:02 of 3rd period - Shot by Sean Monahan.
5:02 of 3rd period - Stopped by Andrei Vasilevsky without a rebound.
5:03 of 3rd period - Brayden Point wins face-off versus Sam Reinhart in ARIZONA Coyotes zone.
5:39 of 3rd period - Shot by Brayden Point.
5:39 of 3rd period - Shot Misses the Net.
5:56 of 3rd period - Icing by Brayden Point.
5:57 of 3rd period - Sean Monahan wins face-off versus Matt Boldy in ARIZONA Coyotes zone.
7:42 of 3rd period - Icing by Alex Pietrangelo.
7:43 of 3rd period - Brock Nelson wins face-off versus Jordan Staal in PHILADELPHIA Flyers zone.
7:56 of 3rd period - Shot by Tomas Tatar.
7:56 of 3rd period - Shot Misses the Net.
8:10 of 3rd period - Shot by Brock Nelson.
8:10 of 3rd period - Stopped by Stuart Skinner without a rebound.
8:11 of 3rd period - Sam Reinhart wins face-off versus Nazem Kadri in PHILADELPHIA Flyers zone.
8:11 of 3rd period - Sam Reinhart is hit by Timo Meier.
8:31 of 3rd period - Shot by Matt Roy.
8:31 of 3rd period - Stopped by Andrei Vasilevsky with a rebound.
8:48 of 3rd period - Matthew Tkachuk is hit by Matt Roy and loses puck.
8:52 of 3rd period - Minor Penalty to Matthew Tkachuk for Slashing.
8:52 of 3rd period - Minor Penalty to Matt Roy for Tripping.
8:53 of 3rd period - Sean Monahan wins face-off versus Brock Nelson in PHILADELPHIA Flyers zone.
9:02 of 3rd period - Shot by Tj Brodie.
9:02 of 3rd period - Shot Misses the Net.
9:04 of 3rd period - Shot by Tj Brodie.
9:04 of 3rd period - Stopped by Andrei Vasilevsky without a rebound.
9:05 of 3rd period - Sean Monahan wins face-off versus Brock Nelson in ARIZONA Coyotes zone.
9:12 of 3rd period - Shot by Austin Czarnik.
9:12 of 3rd period - Stopped by Andrei Vasilevsky without a rebound.
9:13 of 3rd period - Brock Nelson wins face-off versus Sean Monahan in ARIZONA Coyotes zone.
9:36 of 3rd period - Shot by Sean Monahan.
9:36 of 3rd period - Goal by Sean Monahan - PHILADELPHIA Flyers : 2 - ARIZONA Coyotes : 2.
9:37 of 3rd period - Sean Monahan wins face-off versus Brock Nelson in neutral zone.
9:44 of 3rd period - Shot by Austin Czarnik.
9:44 of 3rd period - Stopped by Andrei Vasilevsky without a rebound.
9:45 of 3rd period - Sean Monahan wins face-off versus Brock Nelson in ARIZONA Coyotes zone.
9:48 of 3rd period - Shot by Austin Czarnik.
9:48 of 3rd period - Stopped by Andrei Vasilevsky without a rebound.
9:49 of 3rd period - Sean Monahan wins face-off versus Brock Nelson in ARIZONA Coyotes zone.
10:36 of 3rd period - Icing by Dillon Dube.
10:37 of 3rd period - Sonny Milano wins face-off versus Jonathan Drouin in ARIZONA Coyotes zone.
10:46 of 3rd period - Shot by Dillon Dube.
10:46 of 3rd period - Shot Blocked by Kris Letang.
10:52 of 3rd period - Shot by Pavel Buchnevich.
10:52 of 3rd period - Shot Misses the Net.
11:00 of 3rd period - Shot by Kasperi Kapanen.
11:00 of 3rd period - Stopped by Andrei Vasilevsky without a rebound.
11:01 of 3rd period - Brayden Point wins face-off versus Pavel Buchnevich in ARIZONA Coyotes zone.
11:01 of 3rd period - Brayden Point is hit by Pavel Buchnevich.
11:19 of 3rd period - Shot by Victor Olofsson.
11:19 of 3rd period - Shot Blocked by Alex Pietrangelo.
11:21 of 3rd period - Shot by Victor Olofsson.
11:21 of 3rd period - Shot Blocked by Kris Letang.
11:23 of 3rd period - Shot by Victor Olofsson.
11:23 of 3rd period - Stopped by Stuart Skinner without a rebound.
11:24 of 3rd period - Brock Nelson wins face-off versus Sam Reinhart in PHILADELPHIA Flyers zone.
11:29 of 3rd period - Shot by Tucker Poolman.
11:29 of 3rd period - Stopped by Stuart Skinner without a rebound.
11:30 of 3rd period - Sean Monahan wins face-off versus Nazem Kadri in PHILADELPHIA Flyers zone.
11:57 of 3rd period - Shot by Timo Meier.
11:57 of 3rd period - Stopped by Stuart Skinner without a rebound.
11:58 of 3rd period - Jordan Staal wins face-off versus Victor Olofsson in PHILADELPHIA Flyers zone.
12:15 of 3rd period - Shot by Tomas Tatar.
12:15 of 3rd period - Shot Misses the Net.
12:57 of 3rd period - Shot by Sean Monahan.
12:57 of 3rd period - Shot Misses the Net.
13:09 of 3rd period - Shot by Austin Czarnik.
13:09 of 3rd period - Stopped by Andrei Vasilevsky without a rebound.
13:10 of 3rd period - Sam Reinhart wins face-off versus Nazem Kadri in ARIZONA Coyotes zone.
13:10 of 3rd period - Sam Reinhart is hit by Dougie Hamilton.
13:13 of 3rd period - Seth Jarvis is hit by Madison Bowey.
13:38 of 3rd period - Icing by Brandon Montour.
13:39 of 3rd period - Brock Nelson wins face-off versus Sam Reinhart in PHILADELPHIA Flyers zone.
13:39 of 3rd period - Braden Schneider is hit by Matt Roy and loses puck.
13:55 of 3rd period - Kasperi Kapanen is hit by Tucker Poolman.
14:13 of 3rd period - Sean Monahan is hit by Dillon Dube and loses puck.
14:22 of 3rd period - Braden Schneider is hit by Austin Czarnik.
14:38 of 3rd period - Shot by Adam Fox.
14:38 of 3rd period - Shot Blocked by Dougie Hamilton.
15:34 of 3rd period - Icing by Kris Letang.
15:35 of 3rd period - Jordan Staal wins face-off versus Brayden Point in PHILADELPHIA Flyers zone.
15:35 of 3rd period - Jordan Staal is hit by Victor Olofsson.
15:41 of 3rd period - Sean Durzi is hit by Tomas Tatar and loses puck.
16:17 of 3rd period - Shot by Brayden Point.
16:17 of 3rd period - Shot Blocked by Alex Pietrangelo.
16:19 of 3rd period - Shot by Victor Olofsson.
16:19 of 3rd period - Stopped by Stuart Skinner without a rebound.
16:20 of 3rd period - Brock Nelson wins face-off versus Sean Monahan in PHILADELPHIA Flyers zone.
16:20 of 3rd period - Brock Nelson is hit by Tj Brodie.
16:37 of 3rd period - Shot by Dillon Dube.
16:37 of 3rd period - Stopped by Stuart Skinner with a rebound.
16:39 of 3rd period - Shot by Dillon Dube.
16:39 of 3rd period - Deflect By Brock Nelson.
16:39 of 3rd period - Stopped by Stuart Skinner without a rebound.
16:40 of 3rd period - Nazem Kadri wins face-off versus Sam Reinhart in PHILADELPHIA Flyers zone.
16:40 of 3rd period - Nazem Kadri is hit by Matt Roy.
17:01 of 3rd period - Minor Penalty to Kasperi Kapanen for Tripping.
17:02 of 3rd period - Nazem Kadri wins face-off versus Sean Monahan in PHILADELPHIA Flyers zone.
17:19 of 3rd period - Shot by Austin Czarnik.
17:19 of 3rd period - Shot Blocked by Vince Dunn.
17:45 of 3rd period - Icing by Matt Boldy.
17:46 of 3rd period - Pavel Buchnevich wins face-off versus Nazem Kadri in ARIZONA Coyotes zone.
18:42 of 3rd period - Matthew Tkachuk is hit by Tj Brodie and loses puck.
19:10 of 3rd period - Matt Roy is hit by Tucker Poolman and loses puck.
Goals for this period are 1 for PHILADELPHIA Flyers vs 1 for ARIZONA Coyotes .
Shots for this period are 10 for PHILADELPHIA Flyers vs 8 for ARIZONA Coyotes .

Overtime #1


0:01 of 1st overtime period - Nazem Kadri wins face-off versus Sam Reinhart in neutral zone.
0:20 of 1st overtime period - Shot by Timo Meier.
0:20 of 1st overtime period - Shot Misses the Net.
0:28 of 1st overtime period - Shot by Sam Reinhart.
0:28 of 1st overtime period - Shot Misses the Net.
0:30 of 1st overtime period - Shot by Kasperi Kapanen.
0:30 of 1st overtime period - Stopped by Andrei Vasilevsky without a rebound.
0:31 of 1st overtime period - Nazem Kadri wins face-off versus Sam Reinhart in ARIZONA Coyotes zone.
0:43 of 1st overtime period - Icing by Tucker Poolman.
0:44 of 1st overtime period - Nazem Kadri wins face-off versus Sam Reinhart in ARIZONA Coyotes zone.
0:55 of 1st overtime period - Shot by Timo Meier.
0:55 of 1st overtime period - Stopped by Stuart Skinner without a rebound.
0:56 of 1st overtime period - Nazem Kadri wins face-off versus Sam Reinhart in PHILADELPHIA Flyers zone.
1:25 of 1st overtime period - Shot by Kasperi Kapanen.
1:25 of 1st overtime period - Shot Blocked by Nazem Kadri.
2:08 of 1st overtime period - Shot by Klim Kostin.
2:08 of 1st overtime period - Stopped by Stuart Skinner with a rebound.
2:10 of 1st overtime period - Shot by Klim Kostin.
2:10 of 1st overtime period - Goal by Klim Kostin - PHILADELPHIA Flyers : 2 - ARIZONA Coyotes : 3.
Goals for this period are 0 for PHILADELPHIA Flyers vs 1 for ARIZONA Coyotes .
Shots for this period are 1 for PHILADELPHIA Flyers vs 3 for ARIZONA Coyotes .